 Dungeon Crawl Stone Soup version 0.29.1-15-g9cfb28693d (webtiles) character file.

Game seed: 4493142213613775070

5083 Smoke131 the Fighter (level 10, -1/110 HPs)
             Began as an Ogre Gladiator on Mar 5, 2023.
             Was a Believer of Okawaru.
             Slain by an orc warrior
             ... wielding a +0 short sword
              (12 damage)
             ... on level 9 of the Dungeon.
             The game lasted 00:27:49 (12529 turns).

Smoke131 the Fighter (Ogre Gladiator)              Turns: 12529, Time: 00:27:49

Health: -1/110     AC:  3    Str: 24    XL:     10   Next: 57%
Magic:  12/12      EV: 23    Int:  9    God:    Okawaru [**....]
Gold:   616        SH:  6    Dex: 10    Spells: 9/9 levels left

rFire   . . .      SeeInvis .   p - +1 morningstar
rCold   + . .      Faith    .   v - +0 kite shield
rNeg    . . .      Spirit   .   k - +0 swamp dragon scales
rPois   +          Reflect  .   c - +2 hat
rElec   .          Harm     .   E - +2 cloak
rCorr   .          Rampage  .   (gloves unavailable)
Will    +....                   (boots unavailable)
Stlth   ..........              u - amulet of the acrobat
HPRegen 0.28/turn               f - ring of protection from cold
MPRegen 0.13/turn               (no ring)

@: about to teleport, corroded, acrobatic
A: large, unfitting armour, tough skin 1
a: Renounce Religion, Heroism


You were on level 9 of the Dungeon.
You worshipped Okawaru.
Okawaru was pleased with you.
You visited 2 branches of the dungeon, and saw 10 of its levels.

You collected 616 gold pieces.

Inventory:

Hand Weapons
 p - a +1 morningstar (weapon)
Missiles
 d - 2 throwing nets (quivered)
 g - 72 stones
 q - 11 poisoned darts
 s - 4 atropa-tipped darts
 y - 3 boomerangs
Armour
 c - a +2 hat (worn)
 k - +0 swamp dragon scales (worn)
 v - a +0 kite shield (worn)
 E - a +2 cloak (worn)
Jewellery
 f - a ring of protection from cold (left hand)
 u - an amulet of the acrobat (around neck)
Wands
 l - a wand of flame (14)
 B - a wand of iceblast (9)
Scrolls
 h - a scroll of enchant armour
 t - a scroll of brand weapon {unknown}
 w - a scroll of fear
 A - a scroll of blinking {unknown}
 D - a scroll of identify
Potions
 b - 2 potions of mutation
 i - a potion of cancellation
 j - 2 potions of lignification
 m - 3 potions of curing
 n - 2 potions of berserk rage
 o - 3 potions of heal wounds
 r - a potion of might
 x - a potion of resistance {unknown}
 z - a potion of brilliance {unknown}
 C - a potion of haste {unknown}


   Skills:
 - Level 10.0 Fighting
 + Level 7.3 Maces & Flails
 + Level 7.8 Throwing
 + Level 6.2 Armour
 - Level 3.0 Dodging
 + Level 3.4 Invocations


You had 9 spell levels left.
You didn't know any spells.
Your spell library contained the following spells:

 Spells                   Type           Power      Damage    Failure   Level
 Freeze                   Ice            0%         1d3       85%         1
 Ensorcelled Hibernation  Hex/Ice        0%         N/A       94%         2
 Frozen Ramparts          Ice            0%         1d1       99%         3
 Gell's Gravitas          Tloc           0%         N/A       99%         3
 Lesser Beckoning         Tloc           0%         N/A       99%         3
 Spider Form              Tmut/Pois      0%         N/A       99%         3
 Teleport Other           Tloc           0%         N/A       99%         3
 Anguish                  Hex/Necr       0%         N/A       100%        4
 Hailstorm                Conj/Ice       0%         3d3       100%        4
 Malign Gateway           Summ/Tloc      Unusable   N/A       N/A         7
 Summon Horrible Things   Summ           Unusable   N/A       N/A         8

Dungeon Overview and Level Annotations

Branches:
Dungeon (9/15)             Temple (1/1) D:7             Orc (0/2) D:9
   Lair: D:8-11

Altars:
Ashenzari
Cheibriados
Dithmenos
Elyvilon
Fedhas
Gozag
Hepliaklqana
Makhleb
Nemelex Xobeh
Okawaru
Qazlal
Ru
Sif Muna
Trog
Uskayaw
Vehumet
Wu Jian
Xom
Yredelemnul
Zin
The Shining One

Shops:
D:6 =   D:9 :


Innate Abilities, Weirdness & Mutations

You are too large for most types of armour.
You have tough skin. (AC +1)


Message History

The acid dragon is almost dead.
The acid dragon barely misses you. You block the acid dragon's attack.
The orc warrior hits you but does no damage.
You barely miss the acid dragon.
The acid dragon is almost dead.
You block the acid dragon's attack. The acid dragon claws you.
The orc warrior hits you from afar with a +0 trident.
The acid dragon spits acid at you. The splash of acid hits you!!
The acid corrodes you! The orc warrior barely misses you.
You sock the acid dragon!
You kill the acid dragon!
Okawaru accepts your kill.
The orc priest looks braver for a moment.
You block the orc warrior's attack.
Things that are here:
a +0 club; a +0 hand axe; an orc corpse An orc warrior comes into view.
It is wielding a +0 short sword.
The orc warrior moves out of view.
There is an open door here.
The orc warrior hits you with a +0 short sword!
You barely miss the orc warrior. The orc warrior barely misses you.
The orc warrior hits you with a +0 short sword.
You closely miss the orc warrior.
The orc warrior hits you from afar with a +0 trident!
You block the orc warrior's attack.
As you read the scroll of teleportation, it crumbles to dust.
You feel strangely unstable.
The orc warrior hits you from afar with a +0 trident!
The orc warrior hits you with a +0 short sword!
* * * LOW HITPOINT WARNING * * *
The orc warrior hits you with a +0 short sword!
* * * LOW HITPOINT WARNING * * *
The orc priest invokes the aid of Beogh against you.
Beogh smites you!
* * * LOW HITPOINT WARNING * * *
The orc warrior closely misses you.
The orc warrior attacks as you move away!
The orc warrior hits you with a +0 short sword!
You die...

# #.###)###.# .#
#...T.#...# .#
########T## ##. #.o...#
#.. #####T###### #.#
#..........# #.#
#...o......# ##.#####
#....o.....#
.......######...@......#
##.###......#..........#
#.# ######.'..........#
#.# ###..........# #.#
#.....)....# #.#
##########'##### #.#
#...####)).#
##'######.#...)..###
....#.....###.###########


You could see a troll, 2 orc warriors and an orc priest.

Vanquished Creatures
  Pikel (D:5)
  2 wyverns
  Grum (D:8)
  Menkaure (D:5)
  An acid dragon (D:9)
  2 water moccasins
  9 orc warriors
  A swamp drake (D:9)
  A sky beast (D:5)
  An ice beast (D:6)
  An ogre (D:7)
  3 wolves
  2 centaurs (D:8)
  A lemure (D:6)
  2 phantoms
  3 bullfrogs
  A kobold brigand (D:6)
  3 scorpions
  2 wights
  A necrophage (D:5)
  5 killer bees (D:7)
  8 hounds
  6 orc priests
  2 jellies
  8 orc wizards
  A scorpion zombie (D:3)
  A gnoll bouda (D:5)
  2 iguanas
  Natasha (thrice) (D:2)
  A hound skeleton (D:3)
  4 adders
  7 gnolls
  A shadow imp (D:7)
  2 white imps
  An ufetubus (D:5)
  An adder skeleton (D:3)
  An adder zombie (D:3)
  2 worms (D:2)
  4 dart slugs
  54 orcs
  6 ball pythons
  7 endoplasms
  4 giant cockroaches
  9 goblins
  9 hobgoblins
  9 jackals
  4 quokkas
  3 ball python skeletons (D:3)
  4 bats
  8 frilled lizards
  7 kobolds
  3 quokka skeletons (D:3)
  3 rats
229 creatures vanquished.

Vanquished Creatures (others)
  3 plants (D:4)
  A withered plant (D:3)
4 creatures vanquished.

Grand Total: 233 creatures vanquished

Notes
Turn   | Place    | Note
-------+----------+-------------------------------------------
     0 | D:1      | Smoke131 the Ogre Gladiator began the quest for the Orb.
     0 | D:1      | Reached XP level 1. HP: 22/22 MP: 1/1
   139 | D:1      | Reached XP level 2. HP: 29/29 MP: 2/2
   174 | D:1      | Reached skill level 3 in Fighting
   473 | D:1      | Reached XP level 3. HP: 37/37 MP: 3/3
   774 | D:1      | Reached skill level 1 in Armour
  1286 | D:2      | Reached XP level 4. HP: 32/48 MP: 4/4
  1497 | D:2      | Noticed Natasha
  1518 | D:2      | Killed Natasha
  1705 | D:2      | Noticed Natasha
  1709 | D:2      | Killed Natasha
  1710 | D:2      | Reached skill level 4 in Fighting
  1710 | D:2      | Reached XP level 5. HP: 47/54 MP: 5/5
  2069 | D:2      | Noticed Natasha
  2077 | D:2      | Killed Natasha
  2595 | D:3      | Noticed a phantom
  2612 | D:3      | Killed a phantom
  2613 | D:3      | Reached XP level 6. HP: 56/63 MP: 6/6
  2813 | D:3      | Reached skill level 5 in Fighting
  3284 | D:4      | Reached XP level 7. HP: 72/72 MP: 7/7
  4128 | D:5      | Entered Level 5 of the Dungeon
  4182 | D:5      | Noticed Menkaure
  4192 | D:5      | Killed Menkaure
  5329 | D:5      | Reached skill level 6 in Fighting
  5386 | D:5      | Reached XP level 8. HP: 74/83 MP: 8/8
  5750 | D:6      | Found a shadowy altar of Dithmenos.
  5791 | D:6      | Found Sittoosk's Jewellery Boutique.
  5810 | D:6      | Reached skill level 5 in Maces & Flails
  5810 | D:6      | Reached skill level 5 in Throwing
  6652 | D:6      | Reached skill level 7 in Fighting
  7470 | D:7      | Reached XP level 9. HP: 93/94 MP: 9/9
  7764 | D:7      | Reached skill level 8 in Fighting
  7821 | D:7      | Found a staircase to the Ecumenical Temple.
  8434 | D:7      | Found a broken altar of Ashenzari.
  8465 | Temple   | Entered the Ecumenical Temple
  8465 | Temple   | Found a transporter.
  8465 | Temple   | Found a transporter.
  8467 | Temple   | Found a transporter.
  8467 | Temple   | Found a transporter.
  8495 | Temple   | Became a worshipper of Warmaster Okawaru
  8533 | D:7      | Found a hazy altar of Hepliaklqana.
  8572 | D:7      | Reached skill level 5 in Armour
  8853 | D:7      | Noticed Pikel
  8995 | D:5      | Killed Pikel
  8995 | D:5      | Reached * piety under Okawaru
  8996 | D:5      | Reached skill level 9 in Fighting
  9395 | D:8      | Noticed Grum
  9618 | D:8      | Killed Grum
  9619 | D:8      | Reached skill level 1 in Invocations
  9619 | D:8      | Reached XP level 10. HP: 45/107 MP: 10/10
 10597 | D:8      | Reached ** piety under Okawaru
 11230 | D:9      | Noticed a two-headed ogre
 11864 | D:9      | Found a staircase to the Orcish Mines.
 12084 | D:9      | Reached skill level 10 in Fighting
 12487 | D:9      | Found Gikaq's Book Boutique.
 12529 | D:9      | Slain by an orc warrior

Illustrated notes

Levels and vault maps discovered:
D:1:      lightli_arrival_statuegarden, layout_basic, corexii_corridor_pit,
          minmay_bisected
D:2:      layout_basic, uniq_natasha
D:3:      layout_rooms, serial_undead, serial_undead_a, serial_undead_d,
          serial_undead_c, serial_undead_c, serial_undead_f, serial_undead_e,
          serial_undead_d, serial_undead_c, serial_undead_b, serial_undead_b,
          cheibrodos_gnoll_hut
D:4:      layout_loops_corners, minmay_lizard_king
D:5:      layout_layer_cave, uniq_menkaure
D:6:      layout_gridville, nicolae_dithmenos_shadow_blocks, serial_shops,
          nicolae_square_shop, minivault_19, corner_web_ring
D:7:      layout_basic, jmf_multi_god_temple, minmay_temple_entry_mist,
          uniq_pikel
D:8:      layout_basic, kennysheep_windowed_goal, uniq_grum
D:9:      layout_roguey, david_lair_shrubbed, erik_orc_1, serial_shops, shop,
          special_room [special_room_orc]
Temple:   hellmonk_temple_divided_pantheon

Skill      XL: |  1  2  3  4  5  6  7  8  9 10 |
---------------+-------------------------------+-----
Fighting       | 3 4 5 6 7 9 10 | 10.0
Dodging        | 3 |  3.0
Maces & Flails | 3 4 5 6 7 |  7.3
Armour         | 1 2 3 4 5 6 |  6.2
Throwing       | 3 4 5 7 |  7.8
Invocations    | 1 3 |  3.4

Action                   |  1- 3 |  4- 6 |  7- 9 | 10-12 || total
-------------------------+-------+-------+-------+-------++-------
Melee: Flail             |   105 |   211 |    78 |       ||   394
       Punch             |       |     1 |     3 |       ||     4
       Morningstar       |       |       |   298 |   191 ||   489
Throw: Throwing net      |     1 |     1 |       |       ||     2
       Stone             |       |     4 |       |       ||     4
       Large rock        |       |     3 |     4 |     1 ||     8
       Dart              |       |     6 |    70 |    34 ||   110
Evoke: Wand              |       |       |     3 |       ||     3
  Use: Scroll            |       |     8 |    10 |     3 ||    21
       Potion            |       |       |     5 |       ||     5
Armor: Robe              |    30 |       |       |       ||    30
       Swamp dragon scal |    21 |   136 |   284 |    84 ||   525
Dodge: Dodged            |    60 |   136 |   293 |   109 ||   598
Block: Kite shield       |       |       |    67 |    62 ||   129
